 Dungeon Crawl Stone Soup version 0.19.0-9-gfd783f2 (webtiles) character file.

18 l0ser140 the Grasshopper (level 2, 0/26 HPs)
             Began as a Naga Warper on Nov 8, 2016.
             Slain by a goblin
             ... wielding a +0 club
              (3 damage)
             ... on level 1 of the Dungeon.
             The game lasted 00:03:21 (640 turns).

l0ser140 the Grasshopper (Naga Warper)               Turns: 640, Time: 00:03:21

Health: 0/26       AC:  2    Str: 13    XL:     2   Next: 66%
Magic:  5/5        EV:  9    Int: 13    God:
Gold:   10         SH:  0    Dex: 10    Spells: 0 memorised, 5 levels left

rFire  . . .     SeeInvis +     a - +0 spear
rCold  . . .     Gourm    .     b - +0 leather armour
rNeg   . . .     Faith    .     (no shield)
rPois  +         Spirit   .     (no helmet)
rElec  .         Reflect  .     (no cloak)
rCorr  .         Harm     .     (no gloves)
MR     .....                    (no barding)
Stlth  +.........               (no amulet)
                                (no ring)
                                (no ring)

@: short of breath, very slow
A: see invisible, deformed body, poison resistance, slowness 2, slow metabolism
1, spit poison 1, AC +0
a: Spit Poison


You were on level 1 of the Dungeon.
You were not hungry.

You visited 1 branch of the dungeon, and saw 1 of its levels.

You collected 10 gold pieces.

Inventory:

Hand Weapons
 a - a +0 spear (weapon)
Missiles
 e - 5 tomahawks of dispersal (quivered)
Armour
 b - a +0 leather armour (worn)
Scrolls
 d - 2 scrolls of blinking
 h - a scroll of teleportation {unknown}
Books
 c - a book of Spatial Translocations

   Spells                             Type                      Level
   a - Blink                          Translocation                2
   b - Shroud of Golubria             Charms/Translocation         2
   c - Lesser Beckoning               Translocation                3
   d - Portal Projectile              Translocation                3
   e - Teleport Other                 Translocation                3
   f - Passage of Golubria            Translocation                4
Comestibles
 f - a bread ration
 g - 4 chunks of flesh


   Skills:
 + Level 2.1 Fighting
 - Level 2.0 Polearms
 - Level 0.8 Throwing
 + Level 1.4 Armour
 + Level 2.0 Dodging
 - Level 2.0 Spellcasting
   Level 3.0 Translocations


You had 5 spell levels left.
You didn't know any spells.

Dungeon Overview and Level Annotations

Branches:
Dungeon (1/15)

Altars:


Innate Abilities, Weirdness & Mutations

You cannot wear boots.
Your serpentine skin is tough. (AC +0)
You have supernaturally acute eyesight. (SInv)
Armour fits poorly on your strangely shaped body.
Your system is resistant to poisons. (rPois)
You cover ground very slowly.
You have a slow metabolism.
You can spit poison.


Message History

The leopard gecko is almost dead.
The leopard gecko bites you. x2
Damage: -12%(-3hp) hp: 81%(21hp)
You hit the leopard gecko but do no damage.
The leopard gecko is almost dead.
The leopard gecko bites you.
Damage: -4%(-1hp) hp: 77%(20hp)
You hit the leopard gecko but do no damage.
The leopard gecko is almost dead.
The leopard gecko completely misses you.
You closely miss the leopard gecko.
The leopard gecko is almost dead.
The leopard gecko bites you.
Damage: -7%(-2hp) hp: 70%(18hp) Unknown command.
You barely miss the leopard gecko.
The leopard gecko is almost dead.
The leopard gecko barely misses you.
You miss the leopard gecko.
The leopard gecko is almost dead.
The leopard gecko closely misses you.
The leopard gecko completely misses you.
You hit the leopard gecko.
You kill the leopard gecko!
Your Dodging skill increases to level 2!
You barely miss the hobgoblin. The hobgoblin barely misses you.
You hit the hobgoblin but do no damage. The hobgoblin hits you with a club.
Damage: -4%(-1hp) hp: 70%(18hp)
You hit the hobgoblin but do no damage. The hobgoblin hits you with a club.
Huge Dmg: -20%(-5hp) hp: 50%(13hp)
You closely miss the hobgoblin. You hit the hobgoblin but do no damage.
The hobgoblin hits you but does no damage.
You hit the hobgoblin but do no damage. The hobgoblin hits you with a club.
* * * LOW HITPOINT WARNING * * *
Huge Dmg: -19%(-5hp) hp: 31%(8hp)
You hit the hobgoblin but do no damage. The hobgoblin hits you with a club.
* * * LOW HITPOINT WARNING * * *
Huge Dmg: -19%(-5hp) hp: 12%(3hp) Unknown command.
You aren't carrying any potions.
Press: ? - help, Shift-Dir - straight line, f - hobgoblin
Aim: a hobgoblin, wielding a club The splash of poison hits the hobgoblin.
The hobgoblin is poisoned.
You kill the hobgoblin!
You feel slightly more hungry.
Unknown command.
You closely miss the goblin. The goblin hits you with a club.
You die...

### #.. ##. #.# # .. #
##########.### ..
.#.............. #l
#.#####...#..... #.
#...............
..####.#####.#####...#.....
.........gN..# ##.##.....
####...####.# #.##.....
##%.# #.# #.##....# ###..#
##.## #.##.#.##
.....###.#.#####.##....#
#......###.............
#.#.###.#.#####..#....#
#.#.# ##.## #..#.#.## .....
#.# #......##


You could see a goblin.

Vanquished Creatures
  A leopard gecko (D:1)
  2 bats (D:1)
  A giant cockroach (D:1)
  A goblin (D:1)
  3 hobgoblins (D:1)
  A ball python (D:1)
  A frilled lizard (D:1)
  A kobold (D:1)
  7 rats (D:1)
18 creatures vanquished.

Notes
Turn   | Place    | Note
-------+----------+-------------------------------------------
     0 | D:1      | l0ser140 the Naga Warper began the quest for the Orb.
     0 | D:1      | Reached XP level 1. HP: 19/19 MP: 3/3
    40 | D:1      | Huge Dmg: 4 Dmg
    47 | D:1      | Huge Dmg: 4 Dmg
    52 | D:1      | Huge Dmg: 3 Dmg
    53 | D:1      | Huge Dmg: 3 Dmg
    54 | D:1      | Huge Dmg: 2 Dmg
    54 | D:1      | l0ser140: !beem
    54 | D:1      | beem: I'm a bot that sends commands to the DCSS IRC knowledge bots. For details, see https://github.com/gammafunk/beem/blob/master/docs/commands.md and to have me watch your games on this server, type: !beem subscribe
    54 | D:1      | Reached skill level 1 in Armour
   431 | D:1      | Reached XP level 2. HP: 26/26 MP: 5/5
   631 | D:1      | Reached skill level 2 in Dodging
   635 | D:1      | Huge Dmg: 5 Dmg
   638 | D:1      | Huge Dmg: 5 Dmg
   639 | D:1      | Huge Dmg: 5 Dmg
   640 | D:1      | Slain by a goblin

Skill      XL: |  1  2 |
---------------+-------+-----
Armour         | 1 |  1.4
Dodging        | 2 |  2.0
Fighting       | |  2.1
Polearms       | |  2.0
Throwing       | |  0.8
Spellcasting   | |  2.0
Translocations | |  3.0

Action                   || total
-------------------------++-------
Melee: Spear             ||    93
 Abil: Spit Poison       ||     1
Armor: Leather armour    ||    16
Dodge: Dodged            ||    38

Vault maps used:
D:1:      minmay_arrival_nine_rooms, serial_glass, glass_columns_c,
          glass_columns_b
